 Dungeon Crawl Stone Soup version 0.25.1-2-g60ff931df9 (webtiles) character file.

Game seed: 7500313650077136209

28 ArchParadox the Skirmisher (level 3, 0/51 HPs)
             Began as a Naga Fighter on Sept 21, 2020.
             Succumbed to an adder's poison
             ... on level 2 of the Dungeon.
             The game lasted 00:03:05 (1797 turns).

ArchParadox the Skirmisher (Naga Fighter)           Turns: 1797, Time: 00:03:05

Health: 0/51       AC: 21    Str: 19    XL:     3   Next: 12%
Magic:  3/3        EV:  1    Int:  8    God:
Gold:   65         SH:  8    Dex: 10    Spells: 2/2 levels left

rFire    . . .     SeeInvis +   a - +0 long sword
rCold    . . .     Gourm    .   c - +0 kite shield
rNeg     + + +     Faith    .   (armour currently unavailable)
rPois    +         Spirit   .   (helmet currently unavailable)
rElec    .         Reflect  .   (cloak currently unavailable)
rCorr    .         Harm     .   (gloves currently unavailable)
MR       .....     NoTele   +   (no barding)
Stlth    +.........             (no amulet)
HPRegen  0.17/turn              (no ring)
MPRegen  0.08/turn              (no ring)

@: lethally poisoned (0 -> -4), tree-form
A: large, see invisible, slow metabolism 1, spit poison 1, AC +1
a: Spit Poison


You were on level 2 of the Dungeon.
You were not hungry.
You were a tree.
You visited 1 branch of the dungeon, and saw 3 of its levels.

You collected 65 gold pieces.

Inventory:

Hand Weapons
 a - a +0 long sword (weapon)
Missiles
 g - 66 stones (quivered)
Armour
 b - a +0 scale mail (melded)
 c - a +0 kite shield (worn)
 h - a +0 pair of gloves (melded)
Jewellery
 k - a cursed ring of magical power {unknown}
Wands
 q - a wand of polymorph (4)
Scrolls
 e - a scroll of remove curse {unknown}
 i - a scroll of random uselessness {unknown}
 l - 3 scrolls of magic mapping {unknown}
 m - a scroll of identify {unknown}
 n - a scroll of enchant weapon {unknown}
 r - a scroll of amnesia {unknown}
Potions
 d - a potion of might
 j - 2 potions of lignification
 o - 3 potions of curing {unknown}
 p - a potion of resistance {unknown}
Comestibles
 f - 4 rations
 s - a chunk of flesh


   Skills:
 * Level 3.6 Fighting
 * Level 2.8 Long Blades
 - Level 2.4 Armour
 - Level 2.4 Shields


You had 2 spell levels left.
You didn't know any spells.
Your spell library was empty.

Dungeon Overview and Level Annotations

Branches:
Dungeon (3/15)

Altars:
Ashenzari


Innate Abilities, Weirdness & Mutations

You cannot wear boots.
((Your serpentine skin is tough. (AC +1)))
You have supernaturally acute eyesight. (SInv)
((Armour fits poorly on your strangely shaped body.))
((Your system is resistant to poisons. (rPois)))
((You cover ground very slowly.))
You have a slow metabolism.
You can spit poison.


Message History

* * * LOW HITPOINT WARNING * * *
You block the bat's attack. x2; The adder barely misses you. x2
You miss the adder.
The adder is almost dead.
You block the bat's attack. The adder bites you.
* * * LOW HITPOINT WARNING * * *
You are more poisoned.
The adder poisons you! The bat barely misses you.
You miss the adder.
The adder is almost dead.
* * * LOW HITPOINT WARNING * * *
You feel sick. The bat barely misses you. The bat hits you but does no damage.
The adder bites you.
* * * LOW HITPOINT WARNING * * *
You block the adder's attack.
It was a potion of lignification.
You turn into a tree.
Your +0 pair of gloves melds into your body.
Your +0 scale mail melds into your body.
Your roots penetrate the ground.
You die...

####.##### #........#
#.##........ #
#>######.### #.## #.# #
#....##.######.#
#...............
#...............#..
#.<...#.♣.....#.#.#
+......>#S......#.# ##
#.....#b#.......#.# ..#
#.....#.#.####..#.##...#
....# #.#(......#.......
###.#.#.#.#...........#
# ...........<......#
#.#..##.###.......# #
.... #.........


You could see an adder and a bat.

Vanquished Creatures
  2 dart slugs (D:1)
  A leopard gecko (D:3)
  A ball python (D:1)
  2 giant cockroaches (D:1)
  3 goblins (D:1)
  4 hobgoblins (D:1)
  2 bats (D:1)
  A frilled lizard (D:1)
  A kobold (D:1)
  5 rats
22 creatures vanquished.

Notes
Turn   | Place    | Note
-------+----------+-------------------------------------------
     0 | D:1      | ArchParadox the Naga Fighter began the quest for the Orb.
     0 | D:1      | Reached XP level 1. HP: 21/21 MP: 1/1
   512 | D:1      | Reached XP level 2. HP: 21/28 MP: 2/2
   866 | D:1      | Found a shattered altar of Ashenzari.
  1103 | D:1      | Reached XP level 3. HP: 34/34 MP: 3/3
  1796 | D:2      | HP: 1/34 [adder (1)]
  1797 | D:2      | Succumbed to an adder's poison

Illustrated notes

Levels and vault maps discovered:
D:1:      roderic_lyre, layout_basic, evilmike_ruin_ashenzari
D:2:      layout_basic, minmay_misc_feat_nine_boxes
D:3:      layout_basic, item_on_display_a

Action                   || total
-------------------------++-------
Melee: Long sword        ||    84
 Abil: Spit Poison       ||     1
  Use: Potion            ||     1
  Eat: Chunk             ||     2
Armor: Scale mail        ||    51
Dodge: Dodged            ||    23
Block: Kite shield       ||    52
       Rpst.: Long sword ||     7
